Map: Tours du crépuscule

Players

Faras - Winner!

  • Race: Zerg Zerg
  • League: Diamond

Worming

  • Race: Zerg Zerg
  • League: Diamond

VOD

Have the link to the VOD?

Description

Time

  • Played on: Dec. 17, 2015, 11:22 a.m.
  • Length: 3:49
Show
View Real Time Build Order
Export as new Build Order

Faras Zerg - Winner!

Build Orders: Pool Only 

Get SALT Encoding   

  12  0:01  Drone  
  13  0:18  Extractor  
  12  0:24  Spawning Pool  
  11  0:34  Drone  
  11  0:35  Drone  
  13  0:38  Drone  
  14  0:51  Overlord  
  14  1:11  Zergling x4  
  16  1:19  Zergling x2  
  16  1:21  Metabolic Boost  
  17  1:30  Zergling x2  
  17  1:31  Queen  
  20  1:47  Baneling Nest  
  20  1:49  Zergling x2  
  20  1:52  Zergling x2  
  21  2:02  Zergling x2  
  22  2:17  Overlord  
  21  2:35  Baneling, Queen  
  21  2:36  Baneling  
  23  2:41  Zergling x6  
  23  2:53  Zergling x6  
  24  3:05  Zergling x2  
  25  3:15  Zergling x6  
  27  3:21  Baneling x4  
Show
View Real Time Build Order
Export as new Build Order

Worming Zerg 

Build Orders: Hatch First 

Get SALT Encoding   

  12  0:03  Drone  
  13  0:12  Overlord  
  13  0:17  Drone  
  14  0:30  Drone x2  
  14  0:35  Drone  
  17  0:55  Drone  
  17  0:56  Hatchery  
  17  0:58  Extractor  
  17  1:02  Drone  
  17  1:16  Spawning Pool  
  17  1:17  Drone  
  17  1:24  Drone  
  18  1:31  Drone  
  19  1:40  Overlord  
  19  1:50  Drone  
  20  2:02  Queen, Drone  
  20  2:04  Metabolic Boost  
  20  2:07  Queen  
  25  2:09  Drone  
  25  2:20  Zergling x2  
  25  2:32  Zergling x2  
  23  2:53  Zergling x6  
  22  3:05  Zergling x6  
  22  3:06  Zergling x2  
  24  3:26  Spine Crawler  
  23  3:30  Baneling Nest  
Tags
 
Add a new tag
Caveats
  • Supply blocks, unpowered buildings, or Contaminate may cause inaccurate times.
  • Supply counts are checked every 10 seconds.